 Dungeon Crawl Stone Soup version 0.25.1-2-g60ff931df9 (webtiles) character file.

Game seed: 6099040078447955296

37199 lorenzova the Eclecticist (level 13, -3/63 HPs)
             Began as a Deep Elf Conjurer on Sept 16, 2020.
             Was a High Priest of Vehumet.
             Killed from afar by an oklob plant (15 damage)
             ... with a splash of acid
             ... on level 4 of the Lair of Beasts.
             The game lasted 00:58:18 (21152 turns).

lorenzova the Eclecticist (Deep Elf Conjurer)      Turns: 21152, Time: 00:58:18

Health: -3/63      AC: 13    Str:  5    XL:     13   Next: 57%
Magic:  44/47      EV: 27    Int: 31    God:    Vehumet [*****.]
Gold:   1976       SH:  0    Dex: 15    Spells: 28/48 levels left

rFire    + . .     SeeInvis .   K - staff of conjuration
rCold    . . .     Gourm    .   (no shield)
rNeg     . . .     Faith    .   D - +1 leather armour {rF+}
rPois    +         Spirit   .   y - +3 hat of Pondering {ponderous, MR+ MP+10 Int+5}
rElec    .         Reflect  .   (no cloak)
rCorr    .         Harm     .   (no gloves)
MR       ++...                  i - +1 pair of boots
Stlth    ++........             x - amulet of the acrobat
HPRegen  0.20/turn              a - ring of poison resistance
MPRegen  0.30/turn              k - ring of Robustness {AC+8}

@: corroded, acrobat, slow
A: no striking features
a: Renounce Religion


You were on level 4 of the Lair of Beasts.
You worshipped Vehumet.
Vehumet was extremely pleased with you.
You were not hungry.

You visited 3 branches of the dungeon, and saw 17 of its levels.
You also visited: Ossuary, Bailey and Volcano.

You collected 3252 gold pieces.
You spent 1276 gold pieces at shops.

Inventory:

Hand Weapons
 n - the +8 flail of Disintegration {vorpal, rElec rPois MR++ Str-2}
   (You took it off a centaur on level 2 of the Lair of Beasts)

   It inflicts extra damage upon your enemies.
   It affects your strength (-2).
   It insulates you from electricity.
   It protects you from poison.
   It affects your resistance to hostile enchantments.
 F - the +8 longbow "Zephyr" {speed, Dex+3 SInv}
   (You found it on level 3 of the Lair of Beasts)

   Attacks with this weapon are significantly faster.
   It affects your dexterity (+3).
   It lets you see invisible.
 G - a +3 scimitar of flaming
Armour
 i - a +1 pair of boots (worn)
 j - a +2 leather armour of magic resistance
 y - the +3 hat of Pondering (worn) {ponderous, MR+ MP+10 Int+5}
   (You bought it in a shop on level 7 of the Dungeon)

   It affects your intelligence (+5).
   It affects your resistance to hostile enchantments.
   It affects your magic capacity (+10).
 D - a +1 leather armour of fire resistance (worn)
Magical Staves
 K - an uncursed staff of conjuration (weapon)
 N - an uncursed staff of poison
Jewellery
 a - a ring of poison resistance (left hand)
 k - the ring of Robustness (right hand) {AC+8}
   (You found it on level 7 of the Dungeon)

   [ring of protection]

   It affects your AC (+8).
 s - an uncursed ring of magical power
 x - an amulet of the acrobat (around neck)
 J - an uncursed ring of protection from fire
Wands
 r - a wand of polymorph (11)
 O - a wand of enslavement (11)
Scrolls
 b - 8 scrolls of remove curse
 e - 8 scrolls of teleportation
 f - 5 scrolls of amnesia
 o - 11 scrolls of enchant armour
 p - 3 scrolls of blinking
 t - 4 scrolls of enchant weapon
 u - 3 scrolls of magic mapping
 v - a scroll of fear
 A - a scroll of fog
 L - 4 scrolls of identify
 M - a scroll of noise {unknown}
Potions
 d - 16 potions of curing
 g - 6 potions of lignification
 h - 4 potions of heal wounds
 l - 4 potions of stabbing
 m - 3 potions of invisibility
 q - 3 potions of cancellation
 w - 2 potions of ambrosia
 z - 2 potions of might
 B - a potion of flight {unknown}
 C - 2 potions of brilliance {unknown}
 E - 2 potions of degeneration {unknown}
 H - 2 potions of berserk rage {unknown}
 I - a potion of haste {unknown}
Comestibles
 c - 23 rations


   Skills:
 - Level 2.4 Dodging
 - Level 2.4 Stealth
 * Level 18.0 Spellcasting
 * Level 15.9 Conjurations
 - Level 9.0 Hexes
 - Level 6.0 Translocations
 + Level 7.2 Fire Magic


You had 28 spell levels left.
You knew the following spells:

 Your Spells              Type           Power        Failure   Level  Hunger
a - Magic Dart            Conj           ####         0%          1    None
b - Inner Flame           Hex/Fire       ######..     1%          3    None
c - Iskenderun's Mystic   Conj/Tloc      #######.     1%          4    None
d - Fulminant Prism       Conj/Hex       ########..   1%          4    None
e - Starburst             Conj/Fire      #######...   1%          6    None
z - Searing Ray           Conj           ######       0%          2    None

Your spell library contained the following spells:

 Spells                   Type           Power        Failure   Level  Hunger
 Iron Shot                Conj/Erth      #######...   4%          6    None
 Corona                   Hex            ######.      1%          1    None
 Sandblast                Erth           ####..       1%          1    None
 Ensorcelled Hibernation  Hex/Ice        ######       1%          2    None
 Shroud of Golubria       Chrm/Tloc      #####.       1%          2    None
 Confusing Touch          Hex            ######..     1%          3    None
 Dazzling Flash           Conj/Hex       ######       1%          3    None
 Recall                   Summ/Tloc      N/A          1%          3    None
 Spectral Weapon          Hex/Chrm       ######..     1%          3    None
 Stone Arrow              Conj/Erth      ######       1%          3    None
 Tukima's Dance           Hex            ######..     1%          3    None
 Beastly Appendage        Tmut           ####..       2%          1    None
 Infusion                 Chrm           ####         2%          1    None
 Passwall                 Tmut/Erth      ####....     3%          2    None
 Song of Slaying          Chrm           ####....     3%          2    None
 Sticks to Snakes         Tmut           ####....     3%          2    None
 Ozocubu's Armour         Chrm/Ice       ####....     7%          3    None
 Spider Form              Tmut/Pois      ####......   7%          3    None
 Lee's Rapid Deconstruct  Erth           ####......   17%         5    None
 Animate Dead             Necr           N/A          24%         4    None
 Ice Form                 Ice/Tmut       ####....     24%         4    None
 Petrify                  Tmut/Erth      ####....     24%         4    None
 Blade Hands              Tmut           ####......   54%         5    None
 Borgnjor's Vile Clutch   Necr/Erth      ####......   54%         5    None
 Death Channel            Necr           ####......   98%         6    None
 Simulacrum               Ice/Necr       ####......   98%         6    None


Dungeon Overview and Level Annotations

Branches:
Dungeon (12/15)            Temple (1/1) D:7            Lair (4/6) D:10
 Shoals (0/4) Lair:2        Snake (0/4) Lair:3          Orc (0/2) D:12
Ossuary (visited)          Bailey (visited)         Volcano (visited)

Altars:
Ashenzari
Cheibriados
Dithmenos
Fedhas
Gozag
Hepliaklqana
Kikubaaqudgha
Makhleb
Nemelex Xobeh
Okawaru
Qazlal
Ru
Sif Muna
Trog
Uskayaw
Vehumet
Wu Jian
Yredelemnul
Zin
The Shining One

Shops:
D:4 [   D:7 *   D:12 }

Annotations:
D:6 2 runed translucent doors, Maadim's ghost, novice FoFi
D:11 exclusion: downstairs
D:12 Azrael; Fannar
Lair:4 exclusion: 2 oklob plants


Message History

Press: ? - help, Dir - move target cursor You feel a surge of power!
You conjure a prism of explosive energy!
A fulminant prism comes into view.
Your fulminant prism crackles loudly.
Your fulminant prism explodes!
The blast of energy engulfs the bush but does no damage.
The bush is lightly damaged.
The blast of energy engulfs the plant!!
You destroy the plant!
Really walk into a travel-excluded area?
The oklob plant spits acid at you. The splash of acid hits you.
The acid corrodes you!
You are splashed with acid!
The oklob plant spits acid at you. The splash of acid hits you.
The acid corrodes you!
You are splashed with acid!!
* * * LOW HITPOINT WARNING * * *
The oklob plant spits acid at you. The splash of acid hits you!
You die...

# #..............
###.
#....PP.....?....
..... ...P...........
P##..
#............... P#
................ ##
##............... ##
#................
.### ##....:.......#
...# #.#......@...#
...#####............#
..+.##..........#####
..#.##.........##
..#..#........##
......#.......##
..#...P........# ..
..#...........#...#
..###.............#


You could see 2 oklob plants.

Vanquished Creatures
  A yaktaur captain (D:12)
  3 hydras
  Erica (D:10)
  A centaur warrior (D:12)
  2 two-headed ogres (D:11)
  Urug (D:10)
  An unseen horror (D:11)
  2 lindwurms (Volcano)
  A manticore (Lair:3)
  2 oklob plants (Lair:4)
  2 cyclopes
  2 elephants (Lair:3)
  A toenail golem (Volcano)
  2 molten gargoyles (Volcano)
  10 spiny frogs
  2 rime drakes (Lair:3)
  2 efreet (Volcano)
  3 komodo dragons
  A tengu conjurer (D:12)
  A meliai (D:12)
  A queen bee (Lair:3)
  2 trolls (D:12)
  Grinder (D:3)
  A hornet (D:9)
  12 blink frogs
  10 hippogriffs
  A shadow (D:12)
  A wraith (D:11)
  3 fire elementals (Volcano)
  14 yaks
  3 wyverns
  3 basilisks
  A steam dragon (Lair:3)
  A hungry ghost (D:7)
  2 nagas (Lair:3)
  6 water moccasins
  9 porcupines
  7 orc warriors
  5 phantoms
  An ice beast (D:11)
  4 sky beasts
  3 black bears
  5 wolves (Lair:3)
  5 centaurs
  8 ogres
  5 crocodiles
  2 big kobolds (D:12)
  An elf zombie (Ossuary)
  11 bullfrogs
  3 earth elementals (Volcano)
  14 gnoll sergeants
  2 wyvern skeletons
  A scorpion (D:9)
  5 wights (D:12)
  37 killer bees
  3 howler monkeys
  4 crimson imps
  4 centaur zombies
  6 hounds
  2 human zombies
  4 jellies
  6 orc priests
  6 gnoll shamans (Bailey)
  3 centaur skeletons
  A bullfrog skeleton (D:8)
  3 iguanas
  14 orc wizards
  7 worker ants
  3 big kobold zombies (Ossuary)
  A hound zombie (D:5)
  4 hound skeletons
  3 mummies (Ossuary)
  2 worker ant zombies (D:8)
  10 adders
  26 gnolls
  A howler monkey skeleton (D:9)
  3 shadow imps
  6 oozes
  4 adder zombies
  An adder skeleton (D:6)
  3 worms
  2 dart slugs
  4 leopard geckos
  38 orcs
  3 ball pythons
  4 giant cockroaches
  6 goblins
  5 hobgoblins
  10 jackals
  7 kobolds
  3 quokkas
  A ball python skeleton (D:5)
  10 bats
  7 frilled lizards
  3 gnoll zombies (Ossuary)
  5 goblin zombies (Ossuary)
  3 hobgoblin zombies (Ossuary)
  3 jackal zombies (Ossuary)
  A leopard gecko zombie (D:6)
  2 orc zombies (Ossuary)
  7 quokka zombies (Ossuary)
  10 rats
  A rat zombie (Ossuary)
  5 fire vortices (Volcano)
  A fulminant prism (D:11)
  3 fungi
  10 plants
515 creatures vanquished.

Vanquished Creatures (others)
  A jelly (D:12)
  A centaur skeleton (D:12)
  131 fulminant prisms
  6 fungi
  7 plants
146 creatures vanquished.

Grand Total: 661 creatures vanquished

Notes
Turn   | Place    | Note
-------+----------+-------------------------------------------
     0 | D:1      | lorenzova the Deep Elf Conjurer began the quest for the
                  | Orb.
     0 | D:1      | Reached XP level 1. HP: 10/10 MP: 6/6
   377 | D:1      | Reached XP level 2. HP: 15/15 MP: 2/8
   381 | D:1      | Learned a level 2 spell: Searing Ray
   826 | D:2      | Reached skill level 4 in Spellcasting
   865 | D:2      | Reached skill level 5 in Conjurations
   865 | D:2      | Reached XP level 3. HP: 19/19 MP: 5/10
  1548 | D:2      | Noticed a moth of wrath
  1550 | D:2      | Found a bloodstained altar of Trog.
  1760 | D:2      | Reached XP level 4. HP: 24/24 MP: 9/12
  2056 | D:3      | Reached skill level 5 in Spellcasting
  2141 | D:3      | Reached XP level 5. HP: 27/28 MP: 4/15
  2491 | D:3      | Found a stormy altar of Qazlal.
  2576 | D:3      | Noticed Grinder
  2585 | D:3      | Killed Grinder
  2585 | D:3      | Reached skill level 6 in Spellcasting
  2585 | D:3      | Reached XP level 6. HP: 32/32 MP: 16/17
  2851 | D:4      | Reached skill level 7 in Spellcasting
  2981 | D:4      | Reached XP level 7. HP: 21/36 MP: 20/20
  3122 | D:4      | Found Eryri's Antique Armour Boutique.
  3271 | D:4      | Reached skill level 8 in Spellcasting
  3823 | D:4      | Learned a level 4 spell: Iskenderun's Mystic Blast
  3828 | D:4      | Learned a level 4 spell: Fulminant Prism
  3877 | D:4      | Bought a glowing leather armour for 95 gold pieces
  3908 | D:5      | Entered Level 5 of the Dungeon
  4207 | D:5      | Found a glowing drain.
  4272 | D:5      | Found a sand-covered staircase.
  4290 | Ossuary  | Entered an ossuary
  4487 | Ossuary  | Reached skill level 9 in Spellcasting
  4494 | Ossuary  | Reached XP level 8. HP: 41/41 MP: 17/23
  5563 | D:5      | Reached skill level 10 in Spellcasting
  6259 | D:6      | Found a sparkling altar of Nemelex Xobeh.
  6393 | D:6      | Found a runed translucent door.
  6398 | D:6      | Reached skill level 11 in Spellcasting
  6398 | D:6      | Reached skill level 10 in Conjurations
  6404 | D:6      | Noticed Maadim's ghost (novice FoFi)
  6505 | D:6      | Reached XP level 9. HP: 45/45 MP: 26/26
  6721 | D:6      | Found a runed translucent door.
  7087 | D:7      | Found the ring of Robustness {AC+8}
  7205 | D:7      | Found a staircase to the Ecumenical Temple.
  7289 | Temple   | Entered the Ecumenical Temple
  7355 | Temple   | Became a worshipper of Vehumet
  7390 | D:7      | Reached skill level 12 in Spellcasting
  7493 | D:7      | Reached skill level 1 in Hexes
  7593 | D:7      | Found Cinalok's Assorted Antiques.
  7606 | D:7      | Reached skill level 1 in Translocations
  8112 | D:8      | Reached * piety under Vehumet
  8112 | D:8      | Offered knowledge of Freeze by Vehumet.
  8906 | D:9      | Reached XP level 10. HP: 50/50 MP: 28/28
  9016 | D:9      | Reached skill level 13 in Spellcasting
  9716 | D:9      | Offered knowledge of Sandblast by Vehumet.
  9719 | D:9      | Reached ** piety under Vehumet
  9793 | D:10     | Entered Level 10 of the Dungeon
  9981 | D:10     | Noticed Urug
 10149 | D:10     | Noticed Erica
 10304 | D:10     | Killed Erica
 10341 | D:10     | Killed Urug
 10539 | D:10     | Found a staircase to the Lair.
 10624 | D:11     | Killed an unseen horror
 10624 | D:11     | Reached skill level 5 in Hexes
 10722 | D:11     | Reached skill level 14 in Spellcasting
 10729 | D:11     | Noticed a two-headed ogre
 10734 | D:11     | Killed a two-headed ogre
 10734 | D:11     | Reached XP level 11. HP: 30/54 MP: 28/31
 10748 | D:11     | Found a flagged portal.
 10779 | D:11     | Noticed a two-headed ogre
 10790 | D:11     | Killed a two-headed ogre
 10842 | Bailey   | Entered a bailey
 10872 | Bailey   | Offered knowledge of Frozen Ramparts by Vehumet.
 10872 | Bailey   | Reached skill level 5 in Translocations
 11170 | Bailey   | Reached *** piety under Vehumet
 11892 | D:11     | Offered knowledge of Inner Flame by Vehumet.
 11919 | D:11     | Learned a level 3 spell: Inner Flame
 12238 | D:12     | Found a staircase to the Orcish Mines.
 12298 | D:12     | Reached skill level 1 in Fire Magic
 12398 | D:12     | Noticed Azrael
 12579 | D:12     | Noticed a five-headed hydra
 12591 | D:12     | Killed a five-headed hydra
 12603 | D:12     | Reached skill level 15 in Spellcasting
 12920 | D:7      | Bought the +3 hat of Pondering {ponderous, MR+ MP+10 Int+5}
                  | for 1181 gold pieces
 12920 | D:7      | Found the +3 hat of Pondering {ponderous, MR+ MP+10 Int+5}
 13077 | D:12     | Reached **** piety under Vehumet
 13087 | D:12     | Noticed a yaktaur captain
 13694 | D:12     | Killed a yaktaur captain
 13844 | D:12     | Found Usaex's Gadget Boutique.
 14120 | D:12     | Reached XP level 12. HP: 52/59 MP: 33/33
 14121 | D:12     | Offered knowledge of Ignite Poison by Vehumet.
 14152 | D:12     | Noticed a centaur warrior
 14172 | D:12     | Killed a centaur warrior
 14211 | D:12     | Identified the ring of Boalunit {rF+ MR- Int+3 SInv Stlth+}
 14233 | D:12     | Noticed a seven-headed hydra
 14242 | D:12     | Killed a seven-headed hydra
 14411 | D:12     | Noticed Fannar
 14469 | Lair:1   | Entered Level 1 of the Lair of Beasts
 15509 | Lair:1   | Reached skill level 16 in Spellcasting
 16533 | Lair:2   | Reached skill level 5 in Fire Magic
 16577 | Lair:2   | Found a staircase to the Shoals.
 16698 | Lair:2   | Identified the +8 flail of Disintegration {vorpal, rElec
                  | rPois MR++ Str-2}
 16820 | Lair:2   | Reached ***** piety under Vehumet
 17007 | Lair:2   | Offered knowledge of Starburst by Vehumet.
 17015 | Lair:2   | Learned a level 6 spell: Starburst
 17310 | Lair:3   | Noticed a four-headed hydra
 17454 | Lair:3   | Found a dark tunnel.
 17460 | Volcano  | Entered a volcano
 17695 | Volcano  | Reached skill level 15 in Conjurations
 17715 | Volcano  | Reached skill level 17 in Spellcasting
 17767 | Volcano  | Reached XP level 13. HP: 49/63 MP: 9/36
 18757 | Lair:3   | Found a staircase to the Snake Pit.
 20014 | Lair:3   | Found the +8 longbow "Zephyr" {speed, Dex+3 SInv}
 20164 | Lair:4   | Offered knowledge of Iron Shot by Vehumet.
 20436 | Lair:4   | Reached skill level 18 in Spellcasting
 21152 | Lair:4   | Killed from afar by an oklob plant

Illustrated notes

Levels and vault maps discovered:
D:1:      nzn_arrival_depleted_hourglass, layout_rooms, minmay_domino_4
D:2:      kennysheep_six_static_rooms, layout_basic, tgw_trog
D:3:      layout_basic, st_stairs_12, grunt_qazlal_clouds, uniq_grinder
D:4:      layout_loops_cross, serial_shops, shop_statue
D:5:      layout_basic, enter_ossuary_3, gup_sewer_entry_spiral, first_ration,
          grunt_decor_resistance
D:6:      layout_basic, overflow_temple_1_default, ebering_ghost_sewer_f,
          kennysheep_small_square
D:7:      layout_cave_pools, minmay_temple_entry_drinking_statues, serial_shops,
          nicolae_shop_trees
D:8:      layout_loops_ring
D:9:      layout_loops_ring, hangedman_little_slice_of_home,
          minmay_fractal_squares_gapless_5
D:10:     layout_cross, lair_entry_dummy, uniq_urug, uniq_erica
D:11:     layout_basic, enter_bailey_8, billiards_dpeg
D:12:     minmay_the_grid_square_5x5_4x4_mashed [minmay_the_grid_square_5x5_c,
          minmay_the_grid_square_5x5_broken_cross,
          minmay_the_grid_square_5x5_meh, minmay_the_grid_square_5x5_spiral,
          minmay_the_grid_square_5x5_lines,
          minmay_the_grid_square_5x5_prize_snowflake,
          minmay_the_grid_square_5x5_prize_itemx, minmay_the_grid_square_5x5_n,
          minmay_the_grid_square_5x5_gyroscope,
          minmay_the_grid_square_5x5_prize_gold,
          minmay_the_grid_square_5x5_prize_waves,
          minmay_the_grid_square_5x5_empty,
          minmay_the_grid_square_5x5_tetrominoes,
          minmay_the_grid_square_5x5_misaligned,
          minmay_the_grid_square_5x5_minimal,
          minmay_the_grid_square_5x5_hourglass], layout_loops_corners,
          kennysheep_orc_monster_closet_entryway, serial_shops, shop_statue,
          minmay_misc_feat_five, uniq_azrael, uniq_fannar
Temple:   dpeg_three_leaves_temple
Lair:1:   layout_layer_cave, minmay_holes, grunt_megastairs_2
Lair:2:   layout_gridlike, minmay_shoals_entry_centaurs
Lair:3:   regret_index_combs_of_tragedy, layout_loops_ring,
          guppyfry_snake_entry_garden, nicolae_volcano_entry_s_turn, st_stairs_7
Lair:4:   layout_roguey, dpeg_oklob_1, serial_bayou_shore_b, grunt_megastairs_4

Skill      XL: |  1  2  3  4  5  6  7  8  9 10 11 12 13 |
---------------+----------------------------------------+-----
Spellcasting   | 4 5 6 7 9 11 12 14 15 17 18 | 18.0
Conjurations   | 5 6 7 8 10 11 12 13 15 | 15.9
Hexes          | 3 5 7 9 |  9.0
Translocations | 2 4 6 |  6.0
Fire Magic     | 3 5 7 |  7.2
Dodging        | |  2.4
Stealth        | |  2.4

Action                   |  1- 3 |  4- 6 |  7- 9 | 10-12 | 13-15 || total
-------------------------+-------+-------+-------+-------+-------++-------
Melee: Unarmed           |     2 |       |       |       |       ||     2
       Falchion          |       |       |     7 |       |       ||     7
       Flail             |       |       |       |       |     1 ||     1
 Cast: Magic Dart        |    80 |    45 |   284 |   177 |    49 ||   635
       Searing Ray       |       |     8 |    72 |   126 |    70 ||   276
       Fulminant Prism   |       |       |       |   110 |    23 ||   133
       Iskenderun's Myst |       |       |       |    13 |    18 ||    31
       Starburst         |       |       |       |     2 |       ||     2
  Use: Scroll            |       |     4 |    15 |     2 |       ||    21
       Potion            |       |       |       |     2 |       ||     2
 Stab: Sleeping          |       |       |     1 |       |       ||     1
  Eat: Chunk             |     2 |     4 |    11 |    20 |     6 ||    43
       Ration            |       |       |     2 |     2 |     2 ||     6
Armor: Robe              |     2 |     3 |       |       |       ||     5
       Leather armour    |       |       |    33 |    26 |    17 ||    76
Dodge: Dodged            |    16 |     4 |    76 |    85 |    69 ||   250
       Rpst.: Falchion   |       |       |    21 |     1 |       ||    22
       Scimitar          |       |       |       |     5 |       ||     5
